 Dungeon Crawl Stone Soup version 0.27-a0-249-g74f53ef629 (webtiles) character file.

Game seed: 17830553608471790459

66 inqbanana the Shield-Bearer (level 4, -3/36 HPs)
             Began as a Formicid Fighter on Feb 3, 2021.
             Slain by a gnoll
             ... wielding a +0 halberd
              (7 damage)
             ... on level 2 of the Dungeon.
             The game lasted 00:01:43 (1643 turns).

inqbanana the Shield-Bearer (Formicid Fighter)      Turns: 1643, Time: 00:01:44

Health: -3/36      AC:  8    Str: 20    XL:     4   Next: 37%
Magic:  4/4        EV:  8    Int:  8    God:
Gold:   44         SH:  9    Dex: 11    Spells: 3/3 levels left

rFire    . . .     SeeInvis +   a - +0 long sword
rCold    . . .     Faith    +   c - +0 kite shield
rNeg     . . .     Spirit   .   b - +0 scale mail
rPois    .         Reflect  .   (helmet unavailable)
rElec    .         Harm     .   (no cloak)
rCorr    .         Rampage  .   h - +0 pair of gloves
Will     .....                  (no boots)
Stlth    ..........             k - amulet of faith
HPRegen  0.12/turn              (no ring)
MPRegen  0.09/turn              (no ring)

@: no status effects
A: permanent stasis, dig shafts and tunnels, four strong arms, antennae 3
a: Dig, Shaft Self


You were on level 2 of the Dungeon.
You visited 1 branch of the dungeon, and saw 2 of its levels.

You collected 44 gold pieces.

Inventory:

Hand Weapons
 a - a +0 long sword (weapon)
Armour
 b - a +0 scale mail (worn)
 c - a +0 kite shield (worn)
 h - a +0 pair of gloves (worn)
Jewellery
 k - an amulet of faith (around neck)
Scrolls
 f - 2 scrolls of remove curse {unknown}
 g - 2 scrolls of teleportation {unknown}
 i - 3 scrolls of enchant armour {unknown}
 m - 3 scrolls of identify {unknown}
Potions
 d - a potion of might
 e - 3 potions of attraction {unknown}
 j - a potion of invisibility {unknown}
 l - a potion of heal wounds {unknown}


   Skills:
 + Level 3.6 Fighting
 * Level 2.8 Long Blades
 + Level 3.5 Armour
 + Level 1.0 Dodging
 + Level 1.9 Stealth
 + Level 4.0 Shields


You had 3 spell levels left.
You didn't know any spells.
Your spell library was empty.

Dungeon Overview and Level Annotations

Branches:
Dungeon (2/15)

Altars:
Elyvilon
Xom


Innate Abilities, Weirdness & Mutations

You cannot be hasted, slowed, berserked, paralysed or teleported.
You can dig through walls and to a lower floor.
Your four strong arms can wield two-handed weapons with a shield.
You have a pair of large antennae on your head. (SInv)


Message History

The gnoll closely misses you.
You riposte.
Your shield prevents you from hitting the gnoll.
The gnoll is lightly wounded.
The gnoll hits you from afar with a +0 spear.
The gnoll hits you but does no damage. x2
You hit the gnoll but do no damage.
The gnoll is lightly wounded.
The gnoll barely misses you. x2
You hit the gnoll.
The gnoll is moderately wounded.
The gnoll barely misses you. The gnoll hits you with a +0 halberd!
Your scale mail prevents you from hitting the gnoll.
The gnoll is moderately wounded.
You block the gnoll's attack. The gnoll hits you with a +0 halberd!
* * * LOW HITPOINT WARNING * * *
The gnoll hits you but does no damage.
You slash the gnoll!
The gnoll is almost dead.
The gnoll hits you with a +0 halberd!
You die...

### ######.#
#gg@...#
#g####.# # #.#
#.# ##.#######
#........#######
#...............
#.......(#######
###########<...#


You could see 3 gnolls.

Vanquished Creatures
  A worm (D:2)
  3 dart slugs
  A leopard gecko (D:2)
  2 ball pythons (D:2)
  2 giant cockroaches (D:1)
  3 goblins
  8 hobgoblins
  9 jackals
  7 kobolds
  5 bats
  3 frilled lizards (D:1)
  7 rats
51 creatures vanquished.

Notes
Turn   | Place    | Note
-------+----------+-------------------------------------------
     0 | D:1      | inqbanana the Formicid Fighter began the quest for the Orb.
     0 | D:1      | Reached XP level 1. HP: 18/18 MP: 1/1
    40 | D:1      | Reached XP level 2. HP: 15/24 MP: 2/2
   520 | D:1      | Reached skill level 1 in Stealth
   654 | D:1      | Reached XP level 3. HP: 29/29 MP: 3/3
  1046 | D:1      | Found a shimmering altar of Xom.
  1298 | D:2      | Found a white marble altar of Elyvilon.
  1314 | D:2      | Reached XP level 4. HP: 33/35 MP: 4/4
  1494 | D:2      | Reached skill level 1 in Dodging
  1494 | D:2      | Reached skill level 4 in Shields
  1643 | D:2      | Slain by a gnoll

Illustrated notes

Levels and vault maps discovered:
D:1:      erik_arrival_triangle_large, layout_basic, skrybe_limestone_x,
          xom_teletrap_fun
D:2:      layout_basic, elyvilon_altar_5

Skill      XL: |  1  2  3  4 |
---------------+-------------+-----
Stealth        | 1 |  1.9
Dodging        | 1 |  1.0
Shields        | 4 |  4.0
Fighting       | |  3.6
Long Blades    | |  2.8
Armour         | |  3.5

Action                   |  1- 3 |  4- 6 || total
-------------------------+-------+-------++-------
Melee: Long sword        |   111 |    42 ||   153
Armor: Scale mail        |    59 |    23 ||    82
Dodge: Dodged            |    49 |    14 ||    63
Block: Kite shield       |    68 |    26 ||    94
       Rpst.: Long sword |    15 |     5 ||    20

Table legend: (Time is in decaauts)
 A = Elapsed time spent in this place.
 B = Non-inter-level travel time spent in this place.
 C = Inter-level travel time spent in this place.
 D = Time resting spent in this place.
 E = Time spent auto-exploring this place.
 F = Levels seen in this place.
 G = Mean time per level.
                   A        B        C        D        E       F      G
               +--------+--------+--------+--------+--------+-----+--------+
         Total |   1711 |   1679 |     32 |      0 |   1283 |   2 |  855.5 |
       Dungeon |   1711 |   1679 |     32 |      0 |   1283 |   2 |  855.5 |
               +--------+--------+--------+--------+--------+-----+--------+

Top non-repeatable levels by time:
     D:1: 1176 daAuts
     D:2: 535 daAuts
